AoeStats
← 安心

African Clearing

510729456Analyzed
4v4 RM · 19h ago on Oct 2, 2026· 22m 54s· 8 players
Game mode
Random Map
Map size
Large (8 player)
Population
200
Speed
Normal
Resources
Standard
Victory
Conquest
Starting age
Dark Age
Ending age
Imperial Age
RankedLock teamsTeams togetherTeam positionsShared explorationLock speedFull tech treeHidden civsTurbo modeCheats
Victory
Defeat
🇪🇸 Goths · Spain
1474
+16
🇬🇧 Bengalis · United Kingdom
1445
+17
🇫🇷 Mongols · France
1425
+18
🇨🇳 Danes · China
1413
+18
🇨🇳 Sicilians · China
1475
-18
🇨🇳 Berbers · China
1470
-17
🇻🇳 Inca · Vietnam
1465
-17
🇨🇳 Bohemians · China
1455
-17
安心
6:59 Loom
12:41 Feudal Age
13:25 Double-Bit Axe
19:20 Town Watch
23:48 Castle Age
向阳花
4:40 Loom
14:52 Feudal Age
18:31 Castle Age
16:21 Double-Bit Axe
20:32 Wheelbarrow
20:21 Bow Saw
22:50 Fletching
biboy
9:47 Loom
13:38 Feudal Age
18:18 Castle Age
16:48 Double-Bit Axe
17:11 Gold Mining
17:46 Fletching
18:58 Bodkin Arrow
21:04 Crossbowman
21:48 Padded Archer Armor
Alita
3:13 Loom
12:56 Feudal Age
14:43 Town Watch
14:19 Man-at-Arms
santijaca98
5:19 Loom
13:49 Feudal Age
14:45 Double-Bit Axe
17:55 Castle Age
16:56 Forging
18:45 Bow Saw
22:35 Horse Collar
N4Th-.-
6:26 Loom
14:29 Feudal Age
18:15 Castle Age
16:50 Double-Bit Axe
18:20 Fletching
19:26 Bodkin Arrow
sneaky
6:30 Loom
13:37 Feudal Age
18:26 Castle Age
16:47 Gold Mining
23:05 Double-Bit Axe
♞王通
4:22 Loom
14:14 Feudal Age
14:44 Town Watch
14:48 Double-Bit Axe
21:11 Castle Age
22:36 Bow Saw
Connection lost

Rejoining the realm…

Still unreachable

The connection could not be restored.

Session expired

The server has moved on; the page needs a fresh start.